Map: Chain of Ascension

Players

wasp

  • Race: Protoss Protoss
  • Spawn Location: 11:00

larsgj

  • Race: Terran Terran
  • Spawn Location: 11:00

VOD

Have the link to the VOD?

Description

Time

  • Played on: Aug. 20, 2019, 10:44 a.m.
  • Length: 23:38
Show
View Real Time Build Order
Export as new Build Order

wasp Protoss 

Build Orders:  

Get SALT Encoding   

  12  0:17  Pylon  
  12  0:50  Pylon  
  12  0:57  Gateway  
  12  1:05  Assimilator  
  12  1:22  Gateway  
  12  2:04  Zealot  
  14  2:52  Zealot  
  14  2:55  Zealot  
  18  4:03  Zealot  
  18  4:05  Zealot  
  18  4:06  Zealot  
  18  4:08  Zealot  
  18  4:09  Zealot  
  28  4:11  Zealot  
  30  5:32  Zealot  
  30  5:36  Zealot  
  30  5:38  Zealot  
  30  5:39  Zealot  
  38  5:40  Zealot  
  38  5:41  Zealot  
  42  6:56  Zealot  
  42  6:57  Zealot  
  42  6:58  Zealot x2  
  42  6:59  Zealot  
  46  8:18  Gateway  
  46  8:24  Cybernetics Core  
  46  8:27  Forge  
  46  9:44  Zealot  
  46  9:47  Zealot  
  46  9:48  Zealot x2  
  46  9:49  Zealot  
  56  9:50  Zealot  
  56  9:51  Zealot  
  60  11:47  Assimilator  
  60  11:53  Zealot  
  60  11:55  Zealot  
  60  11:56  Zealot x3  
  60  11:57  Zealot  
  60  11:59  Zealot  
  74  12:00  Zealot  
  74  12:01  Zealot  
  78  12:25  Photon Cannon  
  78  12:41  Dragoon  
  78  12:49  Dragoon x2  
  84  13:17  Dragoon  
  86  13:48  Dragoon  
  86  13:49  Dragoon  
  74  15:13  Dragoon  
  74  15:14  Dragoon x2  
  74  15:15  Dragoon  
  74  15:16  Dragoon x2  
  84  16:54  Dragoon  
  84  16:56  Dragoon x2  
  84  16:58  Dragoon  
  92  17:00  Dragoon  
  92  17:07  Zealot  
  96  17:25  Probe (Chrono Boost)  
  89  21:02  Dragoon  
  89  21:03  Dragoon  
  89  21:04  Dragoon  
  89  21:05  Dragoon  
  89  21:06  Dragoon  
  89  21:07  Dragoon  
  89  21:09  Dragoon  
  103  21:10  Dragoon  
  105  21:40  Dragoon  
  105  21:41  Dragoon  
  109  22:46  Dragoon  
  109  22:47  Dragoon  
Show
View Real Time Build Order
Export as new Build Order

larsgj Terran 

Build Orders:  

Get SALT Encoding   

  12  0:04  SCV  
  13  0:25  SCV  
  14  0:42  SCV  
  15  0:51  Supply Depot  
  15  0:55  Supply Depot  
  15  0:59  SCV  
  16  1:16  SCV  
  17  1:22  Barracks  
  17  1:33  SCV  
  18  1:47  Refinery  
  18  1:50  SCV  
  18  1:57  Marine  
  20  2:07  Marine, SCV  
  21  2:12  Barracks  
  21  2:18  Refinery  
  22  2:24  SCV  
  23  2:41  SCV  
  24  2:51  Engineering Bay  
  24  2:58  SCV  
  25  3:15  SCV  
  25  3:16  Bunker  
  26  3:21  Marine  
  26  3:22  Marine  
  28  3:32  SCV  
  29  3:49  SCV  
  30  3:51  Bunker  
  30  4:06  SCV  
  30  4:08  Barracks Tech Lab  
  30  4:09  Barracks Tech Lab  
  31  4:34  Supply Depot  
  31  4:35  Supply Depot  
  31  4:37  SCV  
  32  4:54  SCV  
  33  5:10  Terran Infantry Weapons Level 1  
  33  5:11  SCV  
  34  5:28  SCV  
  35  5:36  Bunker  
  35  5:45  SCV  
  35  5:48  Marine  
  35  5:49  Marine  
  36  5:59  Marine x2  
  38  6:02  SCV  
  38  6:09  Marine x2  
  41  6:14  Factory  
  41  6:19  SCV, Marine x2  
  44  6:23  Supply Depot x2  
  44  6:29  Marine x2  
  46  6:33  Supply Depot  
  46  6:36  SCV  
  49  7:04  Medic  
  49  7:05  Medic  
  53  7:15  Medic x2  
  57  7:25  Medic x2  
  61  7:31  Armory  
  61  7:36  Supply Depot x2  
  61  7:49  Terran Infantry Armor Level 1  
  61  7:53  Marine x2  
  63  8:03  Marine x2  
  65  8:28  Orbital Command  
  65  8:39  Starport  
  65  9:29  Starport  
  65  9:38  Marauder x2  
  65  9:39  Neosteel Frame  
  69  9:50  Marauder x2  
  73  10:00  Missile Turret  
  73  10:03  Marauder x2  
  77  10:28  Missile Turret  
  77  10:35  Command Center  
  77  10:55  Missile Turret  
  77  11:29  Structure Armor  
  77  11:31  Missile Turret  
  77  11:54  Marine x2  
  79  12:04  Marine, Missile Turret  
  79  12:05  Marine  
  81  12:23  Marauder x2  
  85  12:35  Marine, Marauder  
  88  12:45  Marine  
  88  12:48  Marine  
  89  12:55  Marine  
  89  12:58  Marine  
  91  13:06  Marine  
  91  13:08  Marine  
  93  13:16  Marine  
  93  13:18  Marine  
  95  13:26  Marine  
  95  13:28  Marine  
  97  13:36  Medic  
  97  13:39  Medic  
  100  13:49  Orbital Command  
  102  14:02  Marine x2, Supply Depot x2  
  102  14:05  Supply Depot  
  102  14:06  Supply Depot  
  102  14:08  Supply Depot  
  104  14:12  Supply Depot  
  104  14:13  Marine, Medic  
  105  15:26  Starport  
  105  15:30  Terran Vehicle and Ship Weapons Level 1  
  105  15:41  Terran Infantry Weapons Level 2  
  105  15:51  SCV  
  106  16:08  SCV  
  107  16:20  Starport  
  107  16:25  SCV  
  108  16:41  SCV  
  109  16:58  SCV  
  110  17:20  Bunker  
  110  17:21  Command Center  
  109  17:53  Bunker  
  109  18:10  Advanced Optics  
  107  18:51  Terran Infantry Armor Level 2  
  107  18:58  Starport Tech Lab x2  
  107  18:59  Starport Tech Lab x2  
  102  19:20  Supply Depot  
  102  19:21  Supply Depot  
  102  19:22  Supply Depot  
  102  19:23  Supply Depot  
  102  19:25  Supply Depot  
  102  19:26  Supply Depot  
  101  20:10  Terran Vehicle And Ship Armor Level 1  
  101  20:15  Fusion Core  
  94  22:23  Marine  
  94  22:24  Marine  
  96  22:34  Marine x2  
  98  22:44  Marine x2  
  99  22:51  Battlecruiser x3  
  99  22:52  Battlecruiser  
  99  22:54  Marine x2  
  125  23:04  Marine x2  
Tags
 
Add a new tag
Caveats
  • Supply blocks, unpowered buildings, or Contaminate may cause inaccurate times.
  • Supply counts are checked every 10 seconds.